AoeStats
← ricky102603

Arabia

508985260Analyzed
1v1 RM · 9d ago on Sep 25, 2026· 33m 9s· 2 players
Game mode
Random Map
Map size
Tiny (2 player)
Population
200
Speed
Normal
Resources
Standard
Victory
Conquest
Starting age
Dark Age
Ending age
Imperial Age
RankedLock teamsTeams togetherTeam positionsShared explorationLock speedFull tech treeHidden civsTurbo modeCheats
Victory
Defeat
🇹🇼 Ethiopians · Taiwan
998
+16
🇦🇷 Spanish · Argentina
1003
-16
ricky102603
7:23 Loom
9:42 Feudal Age
13:19 Fletching
21:33 Castle Age
20:16 Padded Archer Armor
20:11 Gold Mining
20:08 Double-Bit Axe
20:14 Horse Collar
21:07 Stone Mining
21:57 Crossbowman
22:36 Bodkin Arrow
26:23 Leather Archer Armor
26:35 Thumb Ring
30:46 Ballistics
frannSaS
8:57 Loom
11:38 Feudal Age
16:12 Castle Age
14:35 Double-Bit Axe
25:52 Padded Archer Armor
29:18 Bloodlines
30:09 Leather Archer Armor
Connection lost

Rejoining the realm…

Still unreachable

The connection could not be restored.

Session expired

The server has moved on; the page needs a fresh start.